[Event "7th Sharjah Masters 2024"]
[Site "Sharjah"]
[Date "2024.05.21"]
[Round "8.13"]
[White "Gurel, Ediz"]
[Black "Martirosyan, Haik M."]
[Result "1-0"]
[ECO "C07"]
[WhiteElo "2578"]
[BlackElo "2679"]
[Annotator "TA"]
[PlyCount "125"]
[EventDate "2024.05.13"]
[EventType "swiss"]
[EventCountry "UAE"]
[SourceTitle "playchess.com"]
[Source "ChessBase"]
[SourceQuality "1"]
[TimeControl "5400+30"]

1. e4 e6 2. d4 d5 3. Nd2 c5 4. Ngf3 cxd4 5. Nxd4 Nc6 6. Bb5 Bd7 7. Nxc6 bxc6 8. Bd3 Bd6 9. Qe2 Qc7 10. Nf3 dxe4 11. Qxe4 Nf6 12. Qh4 c5 13. Bh6 Rg8 14. Bxg7 Nd5 15. Bh6 Be7 16. Qe4 Rb8 17. Ne5 Rb4 18. c4 Nf6 19. Qe2 Rxg2 20. a3 Rb8 21. O-O-O Bd6 22. Nxd7 Nxd7 23. Be4 Rxh2 24. Rxh2 Bxh2 25. Kb1 Be5 26. Bc1 Nf6 27. Bc2 Bf4 28. Ka2 Ke7 29. Bxf4 Qxf4 30. Qd3 h5 31. b4 cxb4 32. axb4 Ng4 33. b5 Qxf2 34. Qd6+ Kf6 35. Rd2 Qb6 36. Qa3 Rc8 37. Rd7 Rxc4 38. Qe7+ Ke5 39. Bb3 Rf4 $2 (39... Rd4 $19 {...Qa5+ is the strong threat.} 40. Rxa7 Rd2+ (40... Qxb5 41. Qc7+ Ke4 42. Bc2+ Ke3 43. Qc3+ Ke2 44. Qxd4 $18) 41. Ka3 Qxb5 42. Qc7+ (42. Qg5+ f5 $19) 42... Kf6 43. Qxf7+ Kg5 44. Qe7+ Nf6 (44... Kf4 45. Ra4+ Kg3 46. Qxe6 $17)) 40. Rd5+ $11 Ke4 41. Qb4+ Kf3 42. Bd1+ $2 (42. Rd3+ $11 Ne3 43. Bd1+ Kg3 44. Qe1+ Rf2+ 45. Kb1 (45. Ka1 Kg2 $15) 45... Qxb5+ 46. Rb3 Qf5+ 47. Kc1) 42... Kg3 $2 (42... Kg2 $1 $19 43. Qxf4 exd5 44. Bxg4 hxg4 (44... Qa5+ 45. Kb3 $15) 45. Qxg4+ Kf2 46. Qh4+ (46. Qf5+ Ke1 $17) 46... Ke3 47. Qe1+ Kf3 48. Qd1+ (48. Qh1+ $2 Kg3 $19) 48... Ke4 49. Qe2+ Qe3 50. Qc2+ Qd3 51. Qg2+ Ke3) 43. Rd3+ $1 $11 Ne3 44. Qc3 Re4 (44... Rf2+ $2 45. Ka1 Kf4 46. Rd4+ (46. Bxh5 $2 e5 $19) 46... Kf5 47. Qxe3 $18) (44... Kf2 $5 45. Qd2+ $8 (45. Bxh5 $2 Ra4+ 46. Kb1 Qxb5+ 47. Qb2+ Qxb2+ 48. Kxb2 f6 $19) 45... Kg1 46. Rxe3 (46. Qxe3+ Qxe3 47. Rxe3 h4 $15) 46... Rf2 $11) 45. Qe1+ Kf4 46. Qh4+ Ng4 47. Rf3+ Ke5 48. Qg3+ $1 Kd5 49. Bb3+ Kc5 50. Rc3+ $1 Kb4 $1 (50... Kxb5 $2 51. Qd3+ Ka5 52. Qxe4 $18) 51. Rc2 $1 Ne3 (51... Kxb5 52. Qd3+ Ka5 53. Qxe4 Qb5 54. Qd4) 52. Qe1+ Kxb5 53. Qe2+ Ka5 54. Qd2+ $1 Rb4 55. Rc3 Ng4 $2 (55... Nf1 $11 56. Qg5+ f5) 56. Bc4 $1 $18 Qf2 57. Be2 Qd4 {[%emt 0:00:20] [#]} 58. Rd3 $1 Qc4+ (58... Qb2+ $142 59. Qxb2 Rxb2+ 60. Kxb2 Kb4) 59. Ka3 (59. Ka1 $142 {White wants to mate with Ra3+.} Ka4 60. Qd1+ Kb5 61. Rb3 (61. Rd5+ exd5 62. Qxd5+ Kb6 $18)) 59... Ne5 {[%emt 0:00:23] [#]} (59... Qf4 $18) 60. Re3 $1 Kb6 61. Qd6+ (61. Bxc4 Nxc4+ 62. Kxb4 Nxd2 $11) 61... Kb7 62. Qe7+ (62. Bxc4 Nxc4+ 63. Kxb4 Nxd6 $17) 62... Qc7 63. Qxb4+ 1-0

[Event "7th Sharjah Masters 2024"]
[Site "Sharjah"]
[Date "2024.05.21"]
[Round "8.14"]
[White "Ter-Sahakyan, Samvel"]
[Black "Pranav, V."]
[Result "1/2-1/2"]
[ECO "E46"]
[WhiteElo "2652"]
[BlackElo "2587"]
[Annotator "TA"]
[PlyCount "78"]
[EventDate "2024.05.13"]
[EventType "swiss"]
[EventCountry "UAE"]
[SourceTitle "playchess.com"]
[Source "ChessBase"]
[SourceQuality "1"]
[TimeControl "5400+30"]

1. d4 Nf6 2. c4 e6 3. Nc3 Bb4 4. e3 O-O 5. Nge2 Re8 6. a3 Bf8 7. Ng3 d5 8. Be2 b6 9. O-O Bb7 10. b4 dxc4 11. Bxc4 Nbd7 12. Rb1 Qc8 13. Qb3 c5 14. bxc5 bxc5 15. Bxe6 fxe6 16. Qxb7 cxd4 17. Qxc8 Raxc8 18. Nce4 {[%emt 0:01:11] The position is equal.} dxe3 19. Bxe3 Bxa3 20. Bxa7 Rc4 21. f3 Nxe4 22. Nxe4 Nf6 23. Rb3 Be7 24. Nxf6+ Bxf6 25. Be3 Ra8 26. Rd3 Rc2 27. Rd2 Rxd2 28. Bxd2 $11 {[%emt 0:00:04][%mdl 4096] Endgame. KRB-KRB} Bd4+ 29. Kh1 Ra2 30. Bf4 Kf7 31. h3 Ra1 32. Rxa1 Bxa1 {[%emt 0:00:04] KB-KB} 33. g4 g6 34. Kg2 h5 35. Kf1 Kf6 36. Kg2 Kf7 37. Kf1 Kf6 38. Kg2 Kf7 39. Kf1 Kf6 {[%emt 0:00:14] An even fight not without its subleties.   Weighted Error Value: White=0.03 (flawless) /Black=0.02 (flawless) .  Inaccurate:     	White=1     	---        OK:         	White=12    	Black=9      Best:        	White=2     	---} 1/2-1/2

[Event "7th Sharjah Masters 2024"]
[Site "Sharjah"]
[Date "2024.05.21"]
[Round "8.15"]
[White "Radjabov, Teimour"]
[Black "Blohberger, Felix"]
[Result "1/2-1/2"]
[ECO "C67"]
[WhiteElo "2723"]
[BlackElo "2506"]
[Annotator "TA"]
[PlyCount "23"]
[EventDate "2024.05.13"]
[EventType "swiss"]
[EventCountry "UAE"]
[SourceTitle "playchess.com"]
[Source "ChessBase"]
[SourceQuality "1"]
[TimeControl "5400+30"]

1. e4 e5 2. Nf3 Nc6 3. Bb5 Nf6 4. O-O Nxe4 5. Re1 Nd6 6. Nxe5 Be7 7. Bf1 Nxe5 8. Rxe5 O-O 9. d4 Bf6 10. Re1 Re8 11. c3 Rxe1 12. Qxe1 {[%emt 0:00:01] An uneventful encounter.   Weighted Error Value: White=0.00 (flawless) /Black=0.00 (flawless) .  OK:         	---       	Black=1} 1/2-1/2

[Event "7th Sharjah Masters 2024"]
[Site "Sharjah"]
[Date "2024.05.21"]
[Round "8.16"]
[White "Sanal, Vahap"]
[Black "Fedoseev, Vladimir"]
[Result "1/2-1/2"]
[ECO "B01"]
[WhiteElo "2566"]
[BlackElo "2702"]
[Annotator "TA"]
[PlyCount "113"]
[EventDate "2024.05.13"]
[EventType "swiss"]
[EventCountry "UAE"]
[SourceTitle "playchess.com"]
[Source "ChessBase"]
[SourceQuality "1"]
[TimeControl "5400+30"]

1. e4 d5 2. exd5 Qxd5 3. Nc3 Qa5 4. d4 Nf6 5. Nf3 Bf5 6. Bc4 e6 7. Bd2 {[%emt 0:00:30] B01: Scandinavian Defence.} Bb4 8. a3 Bxc3 9. Bxc3 Qb6 10. O-O Nc6 11. b4 Bg4 {[%emt 0:00:30] 11...a6 gains popularity.} 12. Bb2 O-O-O $146 ({Predecessor:} 12... Rd8 13. c3 e5 14. Qb3 O-O 15. Nxe5 Nxe5 16. dxe5 Ne4 17. Bc1 Qg6 18. Kh1 Nd2 19. Bxd2 Rxd2 {1-0 Gao,C-Rollot,F (1695) Wch U14 Girls 2014 (8)}) 13. c3 e5 14. h3 Bh5 15. Qc2 Bxf3 16. Qf5+ Rd7 17. Qxf3 exd4 18. Qg3 Rhd8 19. cxd4 (19. Qxg7 $2 {loses.} Ne5 $19) 19... Nxd4 20. Rad1 Nf5 21. Qb3 $1 Nd6 22. Bd3 Nfe4 23. Qc2 (23. Bxg7 $2 {is the wrong capture.} Nxf2 24. Rxf2 Ne4 $19) 23... f5 24. Be5 (24. Bc1 {simplifies} Kb8 25. Be3 Qc6 26. Qxc6 bxc6 27. Ba6) 24... g6 25. Bf4 Nb5 26. Bxe4 Nd4 27. Qc4 ({Much weaker is} 27. Rxd4 Qxd4 28. Bxf5 gxf5 29. Qxf5 Qd5 $17) (27. Qa2 {simplifies} Qe6 28. Qxe6 Nxe6 29. Rxd7 Rxd7 30. Bxf5 gxf5 31. Bc1) 27... fxe4 28. Bg5 Nf3+ $1 29. gxf3 Rxd1 30. Bxd8 Rxd8 31. fxe4 Qf6 32. Qe2 Qd4 33. e5 Rd5 34. Re1 Qf4 35. Kg2 h5 36. Qf3 Qxf3+ 37. Kxf3 Kd7 38. Ke4 Ke6 39. f4 Rd2 40. Rg1 Kf7 41. Rc1 c6 42. b5 Re2+ 43. Kf3 Ra2 44. bxc6 Rxa3+ 45. Ke4 bxc6 46. Rxc6 Rxh3 47. Rc7+ Ke6 48. Rc6+ Kf7 49. Rf6+ Kg7 50. Ra6 Kf7 51. Rxa7+ Ke6 52. Ra6+ Kf7 53. Rf6+ Kg7 54. Rb6 Kf7 55. Rf6+ Kg7 56. Rd6 Kf7 57. Rf6+ 1/2-1/2

[Event "7th Sharjah Masters 2024"]
[Site "Sharjah"]
[Date "2024.05.21"]
[Round "8.17"]
[White "Sevian, Samuel"]
[Black "Safarli, Eltaj"]
[Result "1-0"]
[ECO "C42"]
[WhiteElo "2699"]
[BlackElo "2597"]
[Annotator "TA"]
[PlyCount "85"]
[EventDate "2024.05.13"]
[EventType "swiss"]
[EventCountry "UAE"]
[SourceTitle "playchess.com"]
[Source "ChessBase"]
[SourceQuality "1"]
[TimeControl "5400+30"]

1. e4 e5 2. Nf3 Nf6 3. Nxe5 d6 4. Nf3 Nxe4 5. Nc3 Nxc3 6. dxc3 Be7 7. Be3 O-O 8. Qd2 Nd7 9. O-O-O Nf6 10. h4 {[%emt 0:00:30] The position is equal.} c6 11. Bd3 d5 12. Kb1 Re8 13. Ng5 h6 14. f3 {[%emt 0:00:30][%cal Og2g4] Wards off Ng4} c5 {[%emt 0:00:30][%cal Oc5c4] [#]} (14... hxg5 15. hxg5 Qa5 (15... Nd7 $2 16. g4 $18) 16. g4 $18 (16. gxf6 Bxf6 17. Bf4 Qd8 $18)) 15. g4 $1 c4 (15... hxg5 $2 16. hxg5 Nxg4 (16... Nd7 17. Rh8+ Kxh8 18. Qh2+ Kg8 19. Qh7+ Kf8 20. Qh8#) 17. fxg4 $18) 16. Bf1 (16. Be2 $5) 16... b5 (16... hxg5 $2 17. hxg5 Bd6 18. gxf6 Qxf6 19. Rh3 $18 (19. Qxd5 Rxe3 20. Bxc4 Be6 $11)) 17. Nh3 {[%emt 0:00:30] And now g5 would win.} b4 $1 18. g5 Nh5 {[%emt 0:00:30] aiming for ...Ng3.} (18... bxc3 $6 19. Qxc3 hxg5 20. hxg5 $16) 19. gxh6 Bf5 (19... Rb8 $14) 20. Ng5 (20. Qxd5 b3 21. axb3 cxb3 $15) (20. cxb4 $16 {Bf2 would now be deadly.} Bxb4 21. Qxb4 (21. Qxd5 $2 Qxd5 22. Rxd5 Rxe3 $19) 21... Rxe3 22. Bxc4) 20... gxh6 {[%emt 0:00:30] [#]} (20... bxc3 $11 {remains equal.} 21. Qxc3 (21. Qxd5 $2 {too greedy.} Bxg5 22. Bxc4 Qxd5 $19) 21... Bf6 (21... gxh6 22. Ne4 $18)) 21. Ne4 $1 $16 {[%emt 0:00:30][%mdl 512] White now steadily converts the win.} Bg6 22. Qxd5 {[%emt 0:00:30] White is more active.} Qxd5 23. Rxd5 Nf6 24. Bxc4 {[%emt 0:00:30] Black must now prevent Nxf6+.} bxc3 (24... Nxd5 $16 {might work better.} 25. Bxd5 Rad8) 25. Nxf6+ $18 Bxf6 26. Bxh6 {[%emt 0:00:30] Hoping for Rd6.} Rac8 27. Bb3 Re5 (27... Red8 {was called for.} 28. Ra5 Rd7) 28. Rd6 Rf5 {[%emt 0:00:30] [#]} 29. h5 $1 Bxh5 {[%emt 0:00:30] [#]} 30. Rxf6 Rxf6 31. Rxh5 Rxf3 32. bxc3 Rcxc3 33. Kb2 Rh3 34. Rg5+ Kh7 35. Bf8 ({Inferior is} 35. Bxf7 Kxh6 36. Rg8 Rhe3 $11) 35... Rcg3 36. Ra5 Kg6 37. Bd6 Rf3 38. Rxa7 f5 39. a4 f4 40. a5 Rf1 41. Bc4 Rf2 42. a6 f3 43. Rb7 {[%emt 0:00:30] Weighted Error Value: White=0.14 (very precise) /Black=0.47.  Mistake:       	White=1     	Black=4      Inaccurate:     	White=1     	Black=2      OK:         	White=16    	Black=7      Best:        	White=1     	Black=2      Strong:       	White=1     	Black=1      Brilliant:      	White=2     	---} 1-0

[Event "7th Sharjah Masters 2024"]
[Site "Sharjah"]
[Date "2024.05.21"]
[Round "8.18"]
[White "Deac, Bogdan-Daniel"]
[Black "Horvath, Dominik"]
[Result "1-0"]
[ECO "A33"]
[WhiteElo "2693"]
[BlackElo "2554"]
[Annotator "TA"]
[PlyCount "111"]
[EventDate "2024.05.13"]
[EventType "swiss"]
[EventCountry "UAE"]
[SourceTitle "playchess.com"]
[Source "ChessBase"]
[SourceQuality "1"]
[TimeControl "5400+30"]

1. Nf3 Nf6 2. c4 c5 3. Nc3 Nc6 4. d4 cxd4 5. Nxd4 e6 6. Bf4 d5 7. a3 {[%emt 0:00:30] A33: Symmetrical English: 2 Nf3 Nf6 3 d4 cxd4 4 Nxd4 e6 5 Nc3 Nc6.} Bc5 8. Nxc6 bxc6 9. e3 O-O 10. Be2 Bd6 11. Bxd6 Qxd6 12. O-O a5 13. Qa4 $146 ({Predecessor:} 13. Qc2 Rb8 14. Rfd1 Bd7 15. Na4 Rb7 16. c5 Qe5 17. Nb6 Rfb8 18. Rab1 Ne4 19. Ba6 {½-½ Bachmann,A (2629)-Howell,D (2670) Gibraltar Masters 13th 2015 (8)}) 13... Ba6 14. Rfd1 Nd7 15. Qc2 Nb6 16. cxd5 Bxe2 17. Qxe2 cxd5 18. Nb5 Qd7 19. a4 Rfc8 20. b3 Qe7 21. Qd2 Nd7 22. Rac1 Nc5 23. Rc3 Qd8 24. f3 Na6 25. Rdc1 Nb4 26. Nc7 Rab8 27. f4 h6 28. h3 Qd7 29. Rc5 Qd8 30. Kh1 Qd7 31. e4 ({White should try} 31. Kh2 $11) 31... d4 $1 $15 32. f5 exf5 $1 33. exf5 Rb6 $1 (33... d3 34. f6 $11) 34. R5c4 (34. f6 $1 $15) 34... d3 $17 (34... Qxf5 $2 35. Nd5 Qxd5 36. Rxc8+ Kh7 37. R8c5 $16) 35. f6 {[%emt 0:00:30] [#]} Rxf6 ({Black should play} 35... g5 $1 $17 {[%cal Oc8d8] And now ...Rd8! would win.} 36. Kh2 Rd8 (36... Rxf6 37. Nd5 $14)) 36. Nd5 $1 $11 Qxd5 ({Don't blunder} 36... Rxc4 $2 37. Nxf6+ gxf6 38. Rxc4 $18) 37. Rxc8+ Kh7 38. R8c5 Qd4 39. R5c4 Qd6 40. Rd1 Qg3 41. Rg4 (41. Rxb4 {simplifies} axb4 42. Qxd3+ Qxd3 43. Rxd3 Rf1+ 44. Kh2) 41... Qe5 42. Rxb4 axb4 43. Qxd3+ g6 44. Qc4 Rf4 45. Qd3 Kg7 46. Rf1 Rd4 47. Qf3 Rd7 48. Qf4 Qc3 49. Rf3 Qc5 50. Qf6+ Kg8 51. Kh2 Qc7+ 52. Qf4 Rd6 $2 (52... Qc5 $11) 53. Rd3 $18 (53. Qxh6 $2 {is the wrong capture.} Rd4+ 54. Rg3 Rd3 $19) 53... Rd7 54. Qxc7 Rxc7 {[%emt 0:00:30] [#]} 55. Rd8+ $1 Kg7 56. Rb8 1-0

[Event "7th Sharjah Masters 2024"]
[Site "Sharjah"]
[Date "2024.05.21"]
[Round "8.19"]
[White "Nihal Sarin"]
[Black "Can, Emre"]
[Result "1/2-1/2"]
[ECO "B67"]
[WhiteElo "2680"]
[BlackElo "2549"]
[Annotator "TA"]
[PlyCount "45"]
[EventDate "2024.05.13"]
[EventType "swiss"]
[EventCountry "UAE"]
[SourceTitle "playchess.com"]
[Source "ChessBase"]
[SourceQuality "1"]
[TimeControl "5400+30"]

1. e4 c5 2. Nf3 d6 3. d4 cxd4 4. Nxd4 Nf6 5. Nc3 Nc6 6. Bg5 a6 7. Qd2 e6 8. O-O-O Bd7 9. Kb1 Be7 10. f3 Nxd4 11. Qxd4 b5 12. h4 Qc7 {[%emt 0:00:30] White has an edge.} 13. g4 Rb8 14. Be3 b4 15. Ne2 Bb5 16. g5 (16. Qxb4 $2 {perishes.} Bxe2 17. Qa4+ Bb5 18. Bxb5+ axb5 $19) (16. Qd2 {simplifies} Nd7 17. Bg2 Bxe2 18. Qxe2 a5 19. f4) 16... Nh5 17. Nf4 (17. Qxb4 $2 {too greedy.} Bxe2 18. Qa4+ Bb5 19. Bxb5+ axb5 $19) (17. Qd2 {simplifies} O-O 18. Nf4 Nxf4 19. Bxf4 Bxf1 20. Rhxf1 Rfc8 21. h5) 17... Nxf4 {[%emt 0:00:30] The position is equal.} 18. Qxg7 (18. Bxf4 $2 {is the wrong capture.} e5 19. Qe3 exf4 $19) 18... Ng6 {[%emt 0:00:30] [#] Hoping for ...Rc8.} 19. h5 Bf8 $1 20. Qf6 Be7 21. Qg7 Bf8 $1 22. Qf6 Be7 23. Qf5 $2 {[%mdl 40960] Weighted Error Value: White=0.05 (flawless) /Black=0.02 (flawless) .  Loses game:     	White=1     	---        Inaccurate:     	White=1     	---        OK:         	White=6     	Black=5      Best:        	---       	Black=3      Strong:       	---       	Black=2     . An unexpected result.} 1/2-1/2

[Event "7th Sharjah Masters 2024"]
[Site "Sharjah"]
[Date "2024.05.21"]
[Round "8.20"]
[White "Erdogmus, Yagiz Kaan"]
[Black "Sadhwani, Raunak"]
[Result "1/2-1/2"]
[ECO "D36"]
[WhiteElo "2554"]
[BlackElo "2654"]
[Annotator "TA"]
[PlyCount "52"]
[EventDate "2024.05.13"]
[EventType "swiss"]
[EventCountry "UAE"]
[SourceTitle "playchess.com"]
[Source "ChessBase"]
[SourceQuality "1"]
[TimeControl "5400+30"]

1. c4 e6 2. Nc3 d5 3. d4 Nf6 4. cxd5 exd5 5. Bg5 c6 6. e3 h6 7. Bh4 Be7 8. Bd3 O-O 9. Nf3 Ne4 10. Bxe7 Qxe7 11. Qc2 Re8 12. O-O Nd7 13. Rae1 a5 14. Nd2 Nxd2 15. Qxd2 Nb6 16. Ne2 h5 17. Nf4 Qg5 18. f3 Bf5 19. e4 Bh7 20. Re2 dxe4 21. fxe4 Rad8 22. d5 Nd7 {[%emt 0:00:30] The position is equal.} 23. Qxa5 Nf6 24. Qb4 cxd5 25. e5 Bxd3 (25... Rxe5 $2 {loses.} 26. h4 (26. Qxb7 Bxd3 27. Rxe5 Qxe5 $17) 26... Qg3 27. Rf3 (27. Rxe5 Ng4 $11) (27. Bxh7+ Kxh7 28. Rxe5 Ng4 $11) 27... Qxh4 28. Rxe5 $18) (25... Ne4 $5) 26. Nxd3 Rd7 {[%emt 0:00:30] Weighted Error Value: White=0.11 (very precise) /Black=0.07 (flawless) .  Inaccurate:     	White=1     	Black=2      OK:         	White=3     	Black=7} 1/2-1/2

[Event "7th Sharjah Masters 2024"]
[Site "Sharjah"]
[Date "2024.05.21"]
[Round "8.21"]
[White "Sargsyan, Shant"]
[Black "Bharath Subramaniyam H"]
[Result "1-0"]
[ECO "C55"]
[WhiteElo "2637"]
[BlackElo "2545"]
[Annotator "RC"]
[PlyCount "129"]
[EventDate "2024.05.13"]
[EventType "swiss"]
[EventCountry "UAE"]
[SourceTitle "playchess.com"]
[Source "ChessBase"]
[SourceQuality "1"]
[TimeControl "5400+30"]

1. e4 e5 2. Nf3 Nc6 3. Bc4 Nf6 4. d3 Be7 5. O-O O-O 6. Nc3 d6 7. a4 Na5 8. Ba2 c5 9. Bg5 Nc6 10. Bxf6 Bxf6 11. Nd5 Be6 12. c3 g6 13. Qd2 Bg7 14. Rab1 b6 15. b4 Kh8 16. Bc4 Bg4 17. Ne1 cxb4 18. cxb4 Qh4 19. f3 Bd7 20. Nc2 Bh6 21. Qf2 Qxf2+ 22. Kxf2 Nd4 23. Nxd4 exd4 24. f4 Rac8 25. g3 Be6 26. h4 Bxd5 27. Bxd5 Rc3 28. Bc4 f6 29. Ke2 Re8 30. Rfe1 Kg7 31. a5 g5 32. Kf3 Rc2 33. axb6 axb6 34. Ra1 gxh4 35. gxh4 Rh2 36. Kg3 Rb2 37. Ra7+ Kh8 38. Bf7 Rf8 39. Be6 Rd2 40. Ra3 Re8 41. Rc1 Rxe6 42. Rc8+ Bf8 43. f5 Re7 44. Rxf8+ Kg7 45. Rd8 Re2 46. Rxd6 Re3+ 47. Kf4 R7xe4+ 48. dxe4 Rxa3 49. Rxd4 h5 50. Rd7+ Kg8 51. Rd8+ Kg7 52. Rd7+ Kg8 53. Rd6 Kg7 54. e5 fxe5+ 55. Kxe5 b5 56. Rd7+ Kh6 57. Rd4 Kg7 58. Kf4 Kf6 59. Rd6+ Kf7 60. Rb6 Rb3 61. Rxb5 Rh3 62. Rb7+ Kf6 63. Rb6+ Kf7 64. Kg5 Rg3+ 65. Kxh5 1-0

[Event "7th Sharjah Masters 2024"]
[Site "Sharjah"]
[Date "2024.05.21"]
[Round "8.22"]
[White "Madaminov, Mukhiddin"]
[Black "Banusz, Tamas"]
[Result "1-0"]
[ECO "C84"]
[WhiteElo "2506"]
[BlackElo "2623"]
[Annotator "TA"]
[PlyCount "85"]
[EventDate "2024.05.13"]
[EventType "swiss"]
[EventCountry "UAE"]
[SourceTitle "playchess.com"]
[Source "ChessBase"]
[SourceQuality "1"]
[TimeControl "5400+30"]

1. e4 e5 2. Nf3 Nc6 3. Bb5 a6 4. Ba4 Nf6 5. O-O Nxe4 6. d4 Be7 7. Re1 b5 8. Rxe4 (8. Nxe5 Nxe5 9. dxe5 Bb7 $11 (9... Nxf2 10. Qf3 $11)) (8. dxe5 Nxf2 9. Qe2 Ng4 $15) 8... d5 9. Nxe5 Nxe5 10. Rxe5 {[%emt 0:00:30] White is slightly better.} bxa4 11. Qe2 Be6 12. f4 $1 Kf8 13. Nc3 {[%emt 0:00:30][%cal Of4f5] f5! is the strong threat.} (13. f5 $5 Bd7 14. Qf2 $15 (14. Rxd5 c6 $11)) 13... Bf6 14. Nxa4 Bxe5 15. fxe5 Qh4 16. Be3 {[%emt 0:00:30][%mdl 1024] White has compensation.} Qg4 17. Qd2 h5 18. Nc3 Rb8 19. b3 h4 20. h3 Qg6 21. Ne2 $1 Qe4 (21... Bxh3 $2 22. Nf4 Qg4 23. Nxh3 $18) 22. Nf4 Bf5 {[%emt 0:00:30] White now steadily converts the win.} 23. Nd3 Kg8 24. Re1 Be6 25. Qc3 Qg6 (25... Rc8 $142) 26. Nf4 $1 $16 (26. Qxc7 Rc8 27. Qd6 Bf5 $11) 26... Qf5 27. Rf1 $1 {[%emt 0:00:30][%cal Of4d5,Be1f1,Bf1f4,Bf4g4][%mdl 32] Strongly threatening Nxd5!} (27. Qxc7 Rc8 28. Qe7 Rxc2 $11) 27... Qe4 {[%emt 0:00:30] [#]} (27... Re8 $16 28. Rf2 (28. Qxc7 Rc8 $14) 28... Kh7) 28. Nxe6 $1 $18 (28. Qxc7 $2 Qxe3+ 29. Rf2 Rc8 $19) 28... fxe6 29. Rf4 (29. Qxc7 $2 Qxe3+ 30. Kh2 Kh7 $19) 29... Qg6 30. Qxc7 Rf8 {[%emt 0:00:30] [#]} 31. Rg4 (31. Rxf8+ Kxf8 32. Qc8+ Qe8 33. Qxa6 Kg8 $16) 31... Qf7 32. Qc6 a5 33. Bg5 {[%emt 0:00:30] Active counter play!} Rh7 (33... Rh5 {is a better defense.} 34. Bf6 (34. Bxh4 $2 Rxh4 35. Rg3 Rxd4 $19) 34... Rh7) 34. c4 {cxd5 would now be deadly.} (34. Bxh4 $2 Rxh4 35. Rg3 (35. Rxh4 $2 Qf2+ 36. Kh1 Qxh4 $19) 35... Rxd4 $19) 34... Qe8 35. Qd6 (35. cxd5 Qxc6 36. dxc6 Rc8 $16) 35... dxc4 36. bxc4 Kh8 (36... Rf7 $142 37. d5 (37. Bxh4 Rh6 $18) 37... exd5) 37. d5 exd5 38. cxd5 Rh5 39. e6 ({Stronger than} 39. Bxh4 Rxe5 40. Kh2 Re2 $11) 39... Kh7 40. e7 Rg8 41. Qe6 (41. Qe5 $142 Qd7 42. d6 (42. Rxh4 Rxh4 43. Bxh4 Kg6 $18) 42... a4 43. Qd5 (43. Rxh4 Rxh4 44. Bxh4 g6 $18) 43... g6 44. Rxh4 Rxh4 45. Bxh4 Rg7 46. Qe4) 41... Qb5 42. a4 Qb8 43. Bf4 {[%emt 0:00:30] Weighted Error Value: White=0.06 (flawless) /Black=0.48.  Mistake:       	---       	Black=4      Inaccurate:     	White=1     	Black=2      OK:         	White=15    	Black=9      Best:        	White=2     	---        Strong:       	White=3     	---} 1-0

[Event "7th Sharjah Masters 2024"]
[Site "Sharjah"]
[Date "2024.05.21"]
[Round "8.23"]
[White "Yuffa, Daniil"]
[Black "Sivuk, Vitaly"]
[Result "1/2-1/2"]
[ECO "C84"]
[WhiteElo "2617"]
[BlackElo "2544"]
[Annotator "TA"]
[PlyCount "67"]
[EventDate "2024.05.13"]
[EventType "swiss"]
[EventCountry "UAE"]
[SourceTitle "playchess.com"]
[Source "ChessBase"]
[SourceQuality "1"]
[TimeControl "5400+30"]

1. e4 e5 2. Nf3 Nc6 3. Bb5 a6 4. Ba4 Nf6 5. O-O Be7 6. d3 b5 7. Bb3 d6 8. Bd2 Bg4 9. c3 {[%emt 0:00:32] Against Nd4} Na5 10. Bc2 c5 11. Bc1 O-O 12. Nbd2 Qc7 13. h3 Bd7 14. Re1 Nc6 15. Nf1 d5 16. Ne3 d4 17. Nd5 Qd6 18. Bg5 Bd8 19. Bb3 Rb8 20. Rc1 h6 21. Bh4 (21. cxd4 $5 cxd4 (21... hxg5 22. dxc5 Qe6 23. d4 $11) 22. Bh4 $14) 21... dxc3 $1 22. bxc3 Nh5 23. d4 {[%emt 0:10:21][%cal Bd3d4,Bd4e5][%mdl 32] [#] And now Nxe5 would win.} c4 24. Nxe5 (24. dxe5 $5 Qg6 $8 (24... Nxe5 $2 25. Nf6+ $18) 25. Bxd8 Rbxd8 26. Nh4 $11) 24... Nxe5 (24... Bxh4 25. Nxd7 Qxd7 26. Qxh5 Bxf2+ (26... cxb3 27. Qxh4 bxa2 28. Qxh6 $18) 27. Kxf2 $16) 25. Qxh5 Bxh4 26. dxe5 (26. Qxe5 $2 Qxe5 27. dxe5 cxb3 28. axb3 Rfe8 $19) 26... Bxf2+ $1 27. Kxf2 Qc5+ 28. Re3 cxb3 {[%emt 0:00:21] [#]} 29. Nf6+ $1 {[%emt 0:06:29] The position is equal.} gxf6 30. Qxh6 fxe5 (30... Qxe5 31. axb3 (31. Rg3+ Qxg3+ 32. Kxg3 bxa2 $16) 31... Bf5 (31... Qg5 $2 32. Rg3 $18) 32. exf5 Qxf5+ 33. Rf3 Qc5+ 34. Qe3 Qxe3+ 35. Rxe3 $11 (35. Kxe3 Rfe8+ 36. Kd2 Rb6 $11)) 31. Qg5+ Kh7 {[%emt 0:00:00] Threatens to win with ...Rb6.} 32. Qh5+ Kg7 33. Qg5+ Kh7 {[%emt 0:00:00] ...Rb6 would now be deadly.} 34. Qh5+ {[%emt 0:00:04] Weighted Error Value: White=0.03 (flawless) /Black=0.04 (flawless) .  OK:         	White=15    	Black=11     Best:        	White=3     	Black=2      Strong:       	---       	Black=2} 1/2-1/2